 Dungeon Crawl Stone Soup version 0.8.0-170-g5a2df49 character file.

2182 Onderzeeboot the Cleaver (level 8, -3/102 HPs)
             Began as a Minotaur Berserker on May 26, 2011.
             Was a High Priest of Trog.
             Slain by an orc warrior
             ... wielding a -1,+0 orcish morningstar
              (15 damage)
             ... on Level 7 of the Dungeon.
             The game lasted 01:11:34 (6491 turns).

Onderzeeboot the Cleaver (Minotaur Berserker)       Turns: 6491, Time: 01:11:34

HP  -3/102       AC 13     Str 30 Exp: 8/2602 (2), need: 169
MP   3/3         EV  6     Int  4      God: Trog [*****.]
Gold 361         SH  0     Dex  9      Spells:  0 memorised,  7 levels left

Res.Fire  : x . .   See Invis. : .   G - +0,+2 orc hand axe (vamp)
Res.Cold  : + . .   Warding    : . . A - +2 splint mail
Life Prot.: . . .   Conserve   : .   (no shield)
Res.Acid. : . . .   Res.Corr.  : .   (helmet restricted)
Res.Poison: .       Clarity    : .   v - +0 cloak
Res.Elec. : .       Spirit.Shd : .   (no gloves)
Sust.Abil.: . .     Stasis     : .   (no boots)
Res.Mut.  : .       Ctrl.Telep.: .   (no amulet)
Res.Rott. : .       Levitation : .   (no ring)
Saprovore : . . .   Ctrl.Flight: .   N - ring of ice

@: berserking, very quick, slightly resistant to hostile enchantments, extremely
unstealthy
A: horns 2
a: Burn Spellbooks, Berserk, Trog's Hand, Brothers in Arms, Renounce Religion


You were on level 7 of the Dungeon.
You worshipped Trog.
Trog was exalted by your worship.
You were not hungry.

You visited 1 branch of the dungeon, and saw 7 of its levels.

You collected 341 gold pieces.

Inventory:

Hand weapons
 a - a +1,+1 dwarven hand axe (quivered)
 E - a +1,+1 dwarven hand axe
 F - a +0,+0 battleaxe of electrocution {god gift}
 G - a +0,+2 orcish vampiric hand axe (weapon)
 M - a +0,+0 bow
Missiles
 s - 31 +0 arrows of dispersal
 H - 7 +2 arrows of dispersal
 L - 18 +0 darts of flame
Armour
 m - a +0 orcish chain mail
 v - a +0 cloak (worn)
 A - a +2 splint mail (worn)
 B - a +2 orcish leather armour
Magical devices
 p - a wand of cold (2)
 u - a wand of cold (6)
Comestibles
 l - a pear
 n - a lemon
 y - 4 bread rations
 J - a meat ration
Scrolls
 c - a scroll of fog {unknown}
 d - 4 scrolls of identify
 f - a scroll of enchant weapon I {unknown}
 g - a scroll of remove curse
 h - 2 scrolls of amnesia {unknown}
 j - 3 scrolls of teleportation {unknown}
 q - 4 scrolls of detect curse {unknown}
 t - a scroll of blinking {unknown}
 w - 2 scrolls of curse jewellery {unknown}
 D - a scroll of random uselessness {unknown}
 K - a scroll of enchant weapon II {unknown}
Jewellery
 N - a ring of ice (left hand)
Potions
 b - a potion of levitation {unknown}
 e - 2 potions of might {unknown}
 i - a potion of poison {unknown}
 k - 4 potions of healing {unknown}
 o - a potion of heal wounds {unknown}
 r - a potion of berserk rage {unknown}
 x - a potion of brilliance {unknown}
 z - a potion of invisibility
 C - a potion of cure mutation {unknown}
 I - a potion of slowing {unknown} You had 2 experience left.


   Skills:
 + Level 6 Fighting
 + Level 9 Axes
 + Level 1 Throwing
 + Level 6 Armour
 + Level 5 Dodging
 + Level 2 Unarmed Combat


You had 7 spell levels left.
You didn't know any spells.

Dungeon Overview and Level Annotations

Branches:
Dungeon (7/27)             Temple (0/1) D:4
    Orc: D:6-11

Altars:
The Shining One

Shops:
D:5: [


Innate Abilities, Weirdness & Mutations

You have a pair of horns on your head.


Message History

The orc warrior is heavily wounded.
You hit the orc warrior.
The orc warrior is almost dead.
You hit the orc warrior.
The orc warrior is almost dead.
The orc warrior hits you with an orcish morningstar!
You die...

∙∙∙∙∙∙∙∙▒▒▒∙∙∙∙∙∙∙∙∙∙∙∙
∙∙∙∙∙∙∙▒▒▒▒▒∙∙∙∙∙∙∙∙∙∙∙∙
∙∙∙∙∙∙∙∙▒▒▒∙∙∙∙∙∙∙∙∙∙∙∙∙∙
∙∙∙∙∙∙∙∙∙▒∙∙∙∙∙∙∙∙∙∙∙∙∙∙∙∙
∙∙∙▒∙∙∙∙∙∙∙∙∙∙∙∙∙∙∙∙∙∙∙(∙∙
∙∙▒▒▒∙∙∙∙∙∙∙∙∙∙∙∙∙∙∙∙∙∙∙∙∙
∙▒▒▒▒▒∙∙∙∙∙∙∙∙∙∙∙[∙∙∙∙∙∙∙∙∙
∙∙▒▒▒∙∙∙∙∙∙∙∙∙∙∙∙∙(∙∙∙∙∙∙∙∙
∙∙∙▒∙∙∙∙∙∙∙∙∙)∙∙∙∙∙∙∙∙∙∙∙∙∙


∙∙∙∙∙∙∙∙∙∙∙∙∙@[∙∙∙∙∙∙∙∙∙∙∙ ∙∙∙∙∙∙∙∙∙∙∙∙∙∙o∙∙∙∙∙∙∙∙∙∙∙ ∙∙∙∙∙∙∙∙∙∙∙∙∙∙∙∙∙∙∙∙∙∙∙∙∙▒
∙∙∙∙∙∙∙∙∙∙∙∙∙∙∙∙∙∙∙∙∙∙∙∙▒▒ ∙∙∙∙∙∙∙∙∙∙∙∙∙∙∙∙∙∙∙∙∙∙∙▒▒ ∙∙∙∙∙∙∙∙∙∙∙∙∙∙∙∙∙∙∙∙∙∙▒▒
∙∙∙∙∙∙∙∙∙∙∙∙∙∙∙∙∙∙∙∙∙▒▒ ∙∙∙∙∙∙∙∙∙∙∙∙∙∙∙∙∙∙∙▒▒ ∙∙∙∙∙∙∙∙∙∙∙∙∙∙∙∙∙▒▒
∙∙∙∙∙∙∙∙∙∙∙∙∙∙∙▒▒ You could see an orc warrior.

Vanquished Creatures
  Grinder (D:6)
  Prince Ribbit (D:7)
  An ice beast (D:5)
  A phantom (D:6)
  2 centaurs (D:6)
  An ogre (D:5)
  3 big kobolds (D:5)
  A goliath beetle (D:7)
  2 imps
  Crazy Yiuf (D:2)
  3 hounds
  An iguana (D:5)
  3 worker ants
  2 orc wizards
  A scorpion (D:6)
  Jessica (D:3)
  2 jellies
  3 snakes
  5 gnolls
  A scorpion zombie (D:7)
  A snake skeleton (D:4)
  Terence (D:2)
  3 giant geckos
  An ooze (D:4)
  16 orcs
  18 goblins
  9 hobgoblins
  6 jackals
  60 kobolds
  2 quokkas
  13 giant cockroaches
  8 giant newts
  11 megabats
  13 rats
  A rat skeleton (D:5)
199 creatures vanquished.

Vanquished Creatures (others)
  An orc (D:7)
  2 toadstools
3 creatures vanquished.

Grand Total: 202 creatures vanquished

Notes
Turn   | Place    | Note
--------------------------------------------------------------
     0 | D:1      | Onderzeeboot, the Minotaur Berserker, began the quest for the Orb.
     0 | D:1      | Reached XP level 1. HP: 17/17 MP: 0/0
    62 | D:1      | Reached skill level 4 in Axes
   384 | D:1      | Reached XP level 2. HP: 24/24 MP: 0/0
  1074 | D:1      | Acquired Trog's second power
  1393 | D:2      | Reached XP level 3. HP: 28/30 MP: 1/1
  1505 | D:2      | Noticed Terence
  1513 | D:2      | Defeated Terence
  1806 | D:2      | Noticed Crazy Yiuf
  1813 | D:2      | Defeated Crazy Yiuf
  1813 | D:2      | Reached XP level 4. HP: 28/37 MP: 1/1
  1970 | D:3      | Noticed Jessica
  1972 | D:3      | Reached skill level 5 in Axes
  2011 | D:3      | Defeated Jessica
  2992 | D:3      | Reached XP level 5. HP: 29/45 MP: 2/2
  3070 | D:3      | Acquired Trog's third power
  3601 | D:4      | Found a staircase to the Ecumenical Temple.
  3678 | D:4      | Reached skill level 6 in Axes
  3695 | D:4      | Reached XP level 6. HP: 51/51 MP: 2/2
  3989 | D:5      | Entered Level 5 of the Dungeon
  4067 | D:5      | Found Jonoi's Antique Armour Boutique.
  4317 | D:5      | Found a glowing golden altar of the Shining One.
  4611 | D:5      | Reached skill level 7 in Axes
  4737 | D:5      | Reached XP level 7. HP: 50/58 MP: 3/3
  4740 | D:5      | Reached skill level 5 in Armour
  4849 | D:5      | Noticed a big kobold
  4853 | D:5      | Noticed a big kobold
  4886 | D:5      | Defeated a big kobold
  4890 | D:5      | Reached skill level 5 in Fighting
  4900 | D:5      | Defeated a big kobold
  4952 | D:5      | Reached skill level 8 in Axes
  4954 | D:5      | Received a gift from Trog
  5032 | D:5      | Noticed a big kobold
  5040 | D:5      | Defeated a big kobold
  5362 | D:6      | Reached XP level 8. HP: 40/67 MP: 3/3
  5422 | D:6      | Reached skill level 1 in Unarmed Combat
  5681 | D:6      | Reached skill level 5 in Dodging
  5784 | D:6      | Noticed Grinder
  5791 | D:6      | Paralysed by Grinder for 3 turns
  5803 | D:6      | Defeated Grinder
  5844 | D:6      | Reached skill level 9 in Axes
  6266 | D:7      | Reached skill level 1 in Throwing
  6362 | D:7      | Noticed Prince Ribbit
  6392 | D:7      | Defeated Prince Ribbit
  6491 | D:7      | Slain by an orc warrior
